groovejumper, neutral female human Wizard ------ -------- |....| |......| |....| #.>...%.| --------------- |....| #|......| ##-.)[%)))))))))| |.....## %|......| # |.)))))).%))%)| --.--- # #|......| ### |.))))))))))))| #### ### #-----|-- # |.)))[[)))%)))| # # --------------- # [ ### |.)))))))%))))| ### ### |..............# # # # --------------- # ###.....a...q@...|# # ## # -------.- ###|.........._..|### # --.--# |......(.#####..<.).*.......| # # |^..-# |.......| --------------- ### --------# |...| |.......| # |......-# |...| --------- ##-...(..| ----- |...*..| -------- groovejumper the Thaumaturge Experience level: 9 Strength: 14 Dexterity: 17 Constitution: 17 Intelligence: 18 Wisdom: 10 Charisma: 8 Health: 0(76) Energy: 3(91) AC: 8 Gold: 53 Moves: 8051 Your Inventory: Coins $ - 53 gold pieces Amulets G - a cursed convex amulet [of change] S - a cursed concave amulet [of strangulation] U - a cursed convex amulet [of change] Weapons X - 9 uncursed [+4] darts Armor v - a blessed +0 hooded cloak [dwarvish] (being worn) E - a cursed +0 pair of high boots (being worn) Comestibles D - an [uncursed] lembas wafer Potions y - a [blessed] puce potion [of polymorph] A - an [uncursed] potion of invisibility Rings z - an [uncursed] shiny ring [of sustain ability] Tools b - an uncursed sack m - an uncursed blindfold u - an uncursed [+0] unicorn horn B - an uncursed key [skeleton key] I - an uncursed bag of tricks [0:1] M - an uncursed sack Contents of the sack: 1447 gold pieces an uncursed [+2] dagger 4 uncursed [+0] darts a blessed +2 quarterstaff an uncursed carrot an uncursed cram ration 6 uncursed food rations an uncursed lembas wafer an uncursed tin [of blue jelly] 3 uncursed tripe rations an uncursed scroll called earth [of earth] a cursed scroll called earth [of earth] a cursed scroll labeled PRATYAVAYAH [of taming] an uncursed scroll labeled VERR YED HORRE [of enchant armor] a blessed scroll of light an uncursed potion of gain ability an uncursed potion of speed an uncursed [+2] diamond ring [of protection] a cursed [-1] engagement ring [of gain strength] a cursed jacinth ring [of hunger] a cursed jacinth ring [of hunger] a cursed [-1] jade ring [of gain dexterity] an uncursed plain ring [of fire resistance] an uncursed plain ring [of fire resistance] an uncursed ring of conflict an uncursed ring of protection from shape changers an uncursed ruby ring [of levitation] a blessed alabaster wand [of magic missile (0:4)] a blessed crusty wand [of locking (0:5)] an uncursed crusty wand [of locking (0:8)] an uncursed oak wand [of light (0:14)] an uncursed pine wand [of speed monster (0:8)] an uncursed plastic wand [of digging (0:6)] an uncursed uranium wand [of create monster (0:14)] an uncursed wand of sleep (0:2) an uncursed wand of striking [0:5] an uncursed zinc wand [of secret door detection (0:11)] an uncursed horn of plenty [0:1] an uncursed [oil] lamp an uncursed [oil] lamp an uncursed lock pick an uncursed magic marker [0:72] an uncursed magic whistle an uncursed stethoscope an uncursed towel Contents of the sack: 2 uncursed yellow gems [worthless glass] Spells known in the end: Name Level Category Fail Memory a - force bolt 1 attack 0% [|||||...] b - drain life 2 attack 0% [|||||...] c - knock 1 matter 0% [|||||||.] Your skills at the end: Fighting Skills Weapon Skills quarterstaff [Skilled / Expert] Spellcasting Skills attack spells [Skilled / Expert] enchantment spells [Basic / Skilled] Final Attributes: You were piously aligned. Hunger level was 730. Your alignment was 46 / 50. Monster difficulty range was 1 - 9. Level difficulty was 9. You resisted poison. You were telepathic. You were lucky (1). You are dead. Vanquished creatures: 2 giant mimics 3 large mimics 8 small mimics a flaming sphere a chameleon a giant beetle 2 wolves 4 leprechauns a giant spider a horse 2 orc mummies a yeti a dingo a housecat a black unicorn a raven a human zombie a rope golem 2 fire ants 4 snow ants a wood nymph 3 rock piercers a rock mole a pony 2 yellow lights 2 shriekers a gnome lord a gnomish wizard a black naga hatchling 2 guardian naga hatchlings a gray ooze a ghoul 5 straw golems a baby crocodile 6 giant ants a little dog 3 floating eyes a kitten 2 dwarves 6 homunculi 2 kobold lords a kobold shaman 4 rothes a rabid rat a giant bat 4 orc zombies a dwarf zombie 2 wererats a werejackal 3 coyotes 2 hobbits 4 giant rats 2 cave spiders 2 red molds 4 gnomes 16 Keystone Kops 2 garter snakes 5 gnome zombies 6 geckos 3 jackals 2 foxes 3 kobolds 4 goblins 2 sewer rats 7 grid bugs a bat 6 lichens a kobold zombie 8 newts 181 creatures vanquished. Voluntary challenges: You used a wielded weapon 118 times. You read items or engraved 37 times. You put on armor 6 times. You never genocided any monsters. You never polymorphed an object. You never changed form. You used no wishes. You wrote Elbereth's name 24 times. You never encountered a bones level. You never used any Sokoban shortcuts. Dungeon overview: The Dungeons of Doom: levels 1 to 9 Level 1 a fountain a long staircase Level 2 some fountains Level 4 a tool shop, some fountains stairs to The Gnomish Mines Level 5 some fountains Level 6 many fountains Level 7 stairs to Sokoban Level 8 a delicatessen stairs to Town Level 9 <- You were here a weapon shop, an altar to Thoth The Gnomish Mines: Level 5 stairs to The Dungeons of Doom Sokoban: levels 4 to 6 Level 6 a magic chest stairs to The Dungeons of Doom Town: Level 7 stairs to The Dungeons of Doom History has recorded: On T:1 you entered the Dungeons of Doom to retrieve the Amulet of Yendor! On T:409 you reached level 2 of The Dungeons of Doom. On T:504 you advanced to experience level 2. On T:670 you advanced to experience level 3. On T:1007 you advanced to experience level 4. On T:1116 you reached level 3 of The Dungeons of Doom. On T:1448 you advanced to experience level 5. On T:1714 you reached level 4 of The Dungeons of Doom. On T:1948 you reached level 1 of The Gnomish Mines. On T:2004 you advanced to experience level 6. On T:2746 you advanced to experience level 7. On T:3221 you reached level 6 of The Dungeons of Doom. On T:3479 you reached level 7 of The Dungeons of Doom. On T:3910 you reached level 3 of Sokoban. On T:4492 you advanced to experience level 8. On T:4685 you reached level 2 of Sokoban. On T:5172 you reached level 1 of Sokoban. On T:6566 you reached level 8 of The Dungeons of Doom. On T:6633 you received advice from The Oracle. On T:6633 you advanced to experience level 9. On T:7448 you reached level 3 of Town. On T:7510 you reached level 9 of The Dungeons of Doom. Latest messages: The voice of Thoth booms: "How darest thou desecrate my altar!" You feel foolish! Something is written here in the dust. You read: "?l| c?hE be?eth". You add "Elbereth" with your fingers to the writing in the dust. The rothe turns to flee! The soldier ant turns to flee! The rothe turns to flee! [HP+1=18] You hit the rothe. (2x) The rothe hits! The rothe bites! (2x) [HP-9=9] You add "Elbereth" with your fingers to the writing in the dust. The rothe turns to flee! [HP+1=10] [HP+1=11] You don't have enough energy to cast that spell. The rothe hits! The rothe bites! (2x) You die... Final status: Goodbye groovejumper the Wizard... You died in The Dungeons of Doom on dungeon level 9 with 8601 points, and 1500 pieces of gold, after 8051 moves. You were level 9 with a maximum of 76 hit points when you died.